 Dungeon Crawl Stone Soup version 0.21-a0-504-g2eda330 (webtiles) character file.

239 Gwenloh the Changer (level 5, -1/40 HPs)
             Began as a Draconian Transmuter on Nov 25, 2017.
             Slain by an adder (5 damage)
             ... on level 3 of the Dungeon.
             The game lasted 00:12:32 (2823 turns).

Gwenloh the Changer (Draconian Transmuter)          Turns: 2823, Time: 00:12:33

Health: -1/40      AC:  5    Str: 14    XL:     5   Next: 79%
Magic:  7/11       EV: 12    Int: 13    God:
Gold:   112        SH:  0    Dex: 11    Spells: 9/12 levels left

rFire    . . .     SeeInvis .     - Unarmed
rCold    . . .     Gourm    .   (no shield)
rNeg     . . .     Faith    .   (armour unavailable)
rPois    .         Spirit   .   (helmet restricted)
rElec    .         Reflect  .   (no cloak)
rCorr    .         Harm     .   (no gloves)
MR       .....                  (no boots)
Stlth    +.........             (no amulet)
HPRegen  0.13/turn              (no ring)
MPRegen  0.12/turn              (no ring)

@: lethally poisoned (-1 -> -2)
A: unfitting armour, cold-blooded, AC +5
a: no special abilities


You were on level 3 of the Dungeon.
You were not hungry.

You visited 1 branch of the dungeon, and saw 3 of its levels.

You collected 112 gold pieces.

Inventory:

Missiles
 a - 29 arrows
 n - 24 bolts
 t - 4 stones (quivered)
Armour
 v - a +2 shield of reflection
Jewellery
 g - a +4 ring of intelligence {unknown}
Scrolls
 e - 4 scrolls of identify {unknown}
 h - 3 scrolls of fog {unknown}
 i - a scroll of enchant weapon {unknown}
 m - a scroll of immolation {unknown}
 r - a scroll of blinking {unknown}
 u - a scroll of enchant armour {unknown}
 w - a scroll of remove curse {unknown}
Potions
 d - a potion of curing {unknown}
 f - a potion of degeneration {unknown}
 j - 2 potions of flight {unknown}
 l - a potion of lignification {unknown}
 o - 2 potions of agility {unknown}
 p - a potion of cancellation {unknown}
 s - a potion of haste {unknown}
Books
 b - a book of Changes

   Spells                             Type                      Level
   a - Beastly Appendage              Transmutation                1
   b - Sticks to Snakes               Transmutation                2
   c - Spider Form                    Transmutation/Poison         3
   d - Ice Form                       Ice/Transmutation            4
   e - Blade Hands                    Transmutation                5
Comestibles
 c - 2 bread rations
 k - 3 royal jellies
 q - 4 chunks of flesh


   Skills:
 - Level 1.1 Fighting
 - Level 1.7 Dodging
 - Level 3.0 Unarmed Combat
 + Level 4.2 Spellcasting
 + Level 4.5 Transmutations


You had 9 spell levels left.
You knew the following spells:

 Your Spells              Type           Power        Failure   Level  Hunger
a - Beastly Appendage     Tmut           ##....       3%          1    None
b - Sticks to Snakes      Tmut           ##......     4%          2    ##.....


Dungeon Overview and Level Annotations

Branches:
Dungeon (3/15)

Altars:


Innate Abilities, Weirdness & Mutations

Your plain brown scales are hard. (AC +5)
You cannot fit into any form of body armour.
You are cold-blooded and may be slowed by cold attacks.


Message History

Your ball python constricts the orc priest.
You barely miss the adder.
The adder is heavily wounded.
The adder bites you but does no damage.
The orc priest hits you with a short sword.
* * * LOW HITPOINT WARNING * * *
Your ball python bites the orc priest but does no damage.
Your ball python constricts the orc priest.
You barely miss the adder.
The adder is heavily wounded.
You feel sick. The adder bites you.
* * * LOW HITPOINT WARNING * * *
Your ball python bites the orc priest but does no damage.
Your ball python constricts the orc priest.
The orc priest miscasts a cantrip.
Your ball python bites the orc priest.
Your ball python constricts the orc priest.
The orc priest hits your ball python with a short sword.
The adder bites you.
You die...

#.#....#
#......#
#......#
##.....#
##....#
##.#.# #.#.#
#.#.##
#..@S##
#..#So#
#..###S(...#
#.##
.##...... #.
.# .....# .
## ###.# # #


You could see an orc priest, an adder, a ball python and a friendly ball python.

Vanquished Creatures
  A bullfrog (D:3)
  An orc priest (D:3)
  4 adders
  An ooze (D:1)
  A worm (D:2)
  A dart slug (D:2)
  2 leopard geckos
  8 orcs (D:3)
  A ball python (D:1)
  5 bats
  A giant cockroach (D:1)
  8 goblins
  4 hobgoblins
  6 jackals
  3 frilled lizards
  7 kobolds
  7 rats
61 creatures vanquished.

Vanquished Creatures (collateral kills)
  Natasha (D:3)
  An adder (D:2)
  A goblin (D:3)
  A hobgoblin (D:2)
  2 bats (D:2)
6 creatures vanquished.

Vanquished Creatures (others)
  17 toadstools (D:3)
17 creatures vanquished.

Grand Total: 84 creatures vanquished

Notes
Turn   | Place    | Note
-------+----------+-------------------------------------------
     0 | D:1      | Gwenloh the Draconian Transmuter began the quest for the Orb.
     0 | D:1      | Reached XP level 1. HP: 16/16 MP: 3/3
   204 | D:1      | Reached XP level 2. HP: 21/23 MP: 3/5
   235 | D:1      | Learned a level 2 spell: Sticks to Snakes
   649 | D:1      | Reached XP level 3. HP: 28/28 MP: 5/7
  1359 | D:2      | Reached XP level 4. HP: 33/35 MP: 8/8
  2177 | D:3      | Noticed Natasha
  2192 | D:3      | Killed Natasha
  2474 | D:3      | Noticed a bullfrog
  2482 | D:3      | Killed a bullfrog
  2482 | D:3      | Reached XP level 5. HP: 40/40 MP: 8/11
  2823 | D:3      | Slain by an adder

Vault maps used:
D:1:      erik_arrival_cave_to_civilisation
D:3:      kennysheep_goblin_castle, tgw_fedhas, kennysheep_generic_room_11,
          uniq_natasha

Skill      XL: |  1  2  3  4 |
---------------+-------------+-----
Transmutations | 3 4 |  4.5
Spellcasting   | 3 4 |  4.2
Fighting       | |  1.1
Dodging        | |  1.7
Unarmed Combat | |  3.0

Action                   |  1- 3 |  4- 6 || total
-------------------------+-------+-------++-------
Melee: Unarmed           |   109 |   120 ||   229
       Tailslap          |    11 |    10 ||    21
       Kick              |     9 |     7 ||    16
       Headbutt          |     4 |     8 ||    12
 Cast: Beastly Appendage |    19 |    16 ||    35
       Sticks to Snakes  |     2 |    10 ||    12
 Stab: Distracted        |       |     1 ||     1
  Eat: Chunk             |     2 |     5 ||     7
Armor: Skin              |    38 |    63 ||   101
Dodge: Dodged            |    64 |   123 ||   187

Table legend:
 A = Spawn XP
 B = Non-spawn XP
 C = Spawn XP percentage of total XP
 D = Spawn monster count
 E = Non-spawn monster count
 F = Spawn count percentage of total count
 G = Total turns spent on level
                    A         B        C        D         E        F      G
               +---------+---------+-------+---------+---------+-------+---------
         Total |       0 |     342 |   0.0 |       0 |      67 |   0.0 |  2823
               +---------+---------+-------+---------+---------+-------+---------
           D:1 |       0 |      44 |   0.0 |       0 |      24 |   0.0 |  1095
           D:2 |       0 |      83 |   0.0 |       0 |      25 |   0.0 |   976
           D:3 |       0 |     215 |   0.0 |       0 |      18 |   0.0 |   752
               +---------+---------+-------+---------+---------+-------+---------
